 Dungeon Crawl Stone Soup version 0.31-a0-1005-gfbdfbacc72 (webtiles) character file.

Game seed: 13178753035300415363

53 Dirtsage the Changeling (level 3, -1/24 HPs)
             Began as an Octopode Shapeshifter on Nov 10, 2023.
             Slain by a gnoll
             ... wielding a +0 club
              (7 damage)
             ... on level 2 of the Dungeon.
             The game lasted 00:02:56 (907 turns).

Dirtsage the Changeling (Octopode Shapeshifter)      Turns: 907, Time: 00:02:57

Health: -1/24      AC:  1    Str: 13    XL:     3   Next: 89%
Magic:  3/3        EV: 13    Int: 14    God:
Gold:   73         SH:  0    Dex: 11    Spells: 2/2 levels left

rFire   . .          .
                       - Unarmed
rCold   . . .        (no shield)
rNeg    . . .        (helmet currently unavailable)
rPois   .            (no amulet)
rElec   .            (no ring)
rCorr   .            (no ring)
SInv    .            (no ring)
Will    .....        (no ring)
Stlth   ++           (no ring)
HPRegen 0.24/turn    (no ring)
MPRegen 0.08/turn    (no ring)
                     (no ring)

%: no passive effects
@: beast-form
A: beast (slay +2), almost no armour, amphibious, 8 rings, camouflage 1,
gelatinous body 1, (nimble swimmer 1), tentacles
a: Begin Untransformation


You were on level 2 of the Dungeon.
You were a hulking beast.
You visited 1 branch of the dungeon, and saw 2 of its levels.

You collected 73 gold pieces.

Inventory:

Talismans
 b - a beast talisman
 c - a flux talisman
Scrolls
 e - a scroll of noise {unknown}
 g - a scroll of amnesia {unknown}
Potions
 a - a potion of lignification
 d - 2 potions of curing {unknown}
 f - a potion of degeneration {unknown}
 h - a potion of attraction {unknown}


   Skills:
 + Level 1.8 Fighting
 - Level 2.0 Dodging
 + Level 3.4 Unarmed Combat
 * Level 3.8 Shapeshifting


You had 2 spell levels left.
You didn't know any spells.
Your spell library was empty.

Dungeon Overview and Level Annotations

Branches:
Dungeon (2/15)

Altars:

Annotations:
D:2 Robin


Innate Abilities, Weirdness & Mutations

You are a hulking beast.
Your limbs bulge with bestial killing power. (Slay +2)
You cannot wear most types of armour.
You are amphibious.
You can wear up to eight rings at the same time.
Your skin changes colour to match your surroundings (Stealth+).
Your rubbery body absorbs attacks. (AC +1, EV +1)
((You are camouflaged when in or above water. (Stealth+)))
You have tentacles for arms and can constrict up to eight enemies at once.


Message History

You barely miss the goblin. Your grab misses the goblin.
The goblin no longer looks unusually strong.
The goblin barely misses you. The goblin closely misses you.
You closely miss the goblin. Your grab misses the goblin.
The goblin hits you with a +0 dagger. The goblin barely misses you.
You take 2 damage, and have 14/24 hp.
The goblin shouts!
You tentacle-slap the goblin.
You kill the goblin!
You hear a shout! x2
Robin throws the goblin at you! The goblin hits you but does no damage.
The goblin closely misses you.
You bludgeon the goblin!
You kill the goblin!
You tentacle-slap the goblin.
You kill the goblin!
A gnoll comes into view. It is wielding a +0 club.
You bludgeon the goblin!
You kill the goblin!
Robin throws the goblin at you!
You take 1 damage, and have 13/24 hp.
You tentacle-slap the goblin. Your grab misses the goblin.
You squeeze the goblin.
You kill the goblin!
Robin throws the goblin at you!
You take 3 damage, and have 10/24 hp.
You closely miss the goblin. You grab the goblin. You squeeze the goblin.
You kill the goblin!
The goblin hits you with a +0 club.
* * * LOW HITPOINT WARNING * * *
Robin throws the goblin at you!
* * * LOW HITPOINT WARNING * * *
You take 4 damage, and have 6/24 hp.
You tentacle-slap the goblin. You grab the goblin.
You tentacle-slap the goblin.
You kill the goblin!
You tentacle-slap the gnoll. Your grab misses the gnoll.
The gnoll is lightly wounded.
The gnoll hits you with a +0 club!
You die...

......##...).....# ..
[....##...††.#.....
..gg........####..
ggg........## .
#...........#
#...#####.#.## #...#
#..#..#
.####..g####.###†.#
.......ggh)..# #.##
######.####..####..###
#.# #....†.....# #.#
#.#######... #.# #.#
#..# #.# #.# ... #.
#.# .. #.# ..#


You could see Robin, a gnoll and a hobgoblin.

Vanquished Creatures
  2 dart slugs
  4 ball pythons
  4 endoplasms (D:1)
  11 goblins
  2 hobgoblins (D:2)
  9 jackals (D:1)
  4 kobolds
  2 bats
  A frilled lizard (D:1)
  2 rats (D:1)
41 creatures vanquished.

Notes
Turn   | Place    | Note
-------+----------+-------------------------------------------
     0 | D:1      | Dirtsage the Octopode Shapeshifter began the quest for the
                  | Orb.
     0 | D:1      | Reached XP level 1. HP: 13/13 MP: 1/1
   116 | D:1      | Reached XP level 2. HP: 17/18 MP: 2/2
   466 | D:1      | Found a faded altar of an unknown god.
   483 | D:1      | Found a faded altar of an unknown god.
   505 | D:1      | Reached XP level 3. HP: 23/23 MP: 3/3
   882 | D:2      | Noticed Robin
   907 | D:2      | Slain by a gnoll

Illustrated notes

Levels and vault maps discovered:
D:1:      tarquinn_simple_flora_water_b, layout_loops_ring,
          hellmonk_ecumenical_altar_the_god_not_taken
D:2:      layout_rooms, uniq_robin

Action                     || total
---------------------------++-------
  Melee: Unarmed           ||    66
         Constrict         ||    17
         Tentacles         ||     8
         Punch             ||     2
   Stab: Sleeping          ||     8
 Armour: Skin              ||    28
  Dodge: Dodged            ||    30

Table legend: (Time is in decaauts)
 A = Elapsed time spent in this place.
 B = Non-inter-level travel time spent in this place.
 C = Inter-level travel time spent in this place.
 D = Time resting spent in this place.
 E = Time spent auto-exploring this place.
 F = Levels seen in this place.
 G = Mean time per level.
                   A        B        C        D        E       F      G
               +--------+--------+--------+--------+--------+-----+--------+
         Total |    903 |    885 |     18 |      0 |    713 |   2 |  451.5 |
       Dungeon |    903 |    885 |     18 |      0 |    713 |   2 |  451.5 |
               +--------+--------+--------+--------+--------+-----+--------+

Top non-repeatable levels by time:
     D:1: 815 daAuts
     D:2: 88 daAuts
